 Dungeon Crawl Stone Soup version 0.30-a0-782-ge64f9170bb (webtiles) character file.

Game seed: 18062591118488686181

72 Dirtsage the Chopper (level 4, -5/35 HPs)
             Began as a Demonspawn Berserker on Mar 15, 2023.
             Was a Believer of Trog.
             Constricted to death by Natasha (6 damage)
             ... on level 3 of the Dungeon.
             The game lasted 00:03:46 (1949 turns).

Dirtsage the Chopper (Demonspawn Berserker)         Turns: 1949, Time: 00:03:47

Health: -5/35      AC:  7    Str: 19    XL:     4   Next: 7%
Magic:  4/4        EV:  7    Int:  9    God:    Trog [**....]
Gold:   65         SH:  4    Dex: 12    Spells: 3/3 levels left

rFire   . . .      SeeInvis .    a - +0 hand axe
rCold   . . .      Faith    .    (no shield)
rNeg    . . .      Spirit   .    g - +0 scale mail
rPois   +          Reflect  .    p - +0 helmet
rElec   .          Harm     .    (no cloak)
rCorr   .          Rampage  .    (no gloves)
Will    .....                    (no boots) Stlth
                                 (no amulet)
HPRegen 0.25/turn                P - ring of poison resistance
MPRegen 0.09/turn                (no ring)

@: grasped by roots, slowed, constricted, very slow
A: claws 1, condensation shield
a: Renounce Religion, Berserk, Trog's Hand


You were on level 3 of the Dungeon.
You worshipped Trog.
Trog was pleased with you.
You visited 1 branch of the dungeon, and saw 3 of its levels.

You collected 65 gold pieces.

Inventory:

Hand Weapons
 a - a +0 hand axe (weapon)
Armour
 b - a +0 animal skin
 g - a +0 scale mail (worn)
 p - a +0 helmet (worn)
Jewellery
 P - a ring of poison resistance (left claw)
Scrolls
 c - 2 scrolls of enchant armour {unknown}
 d - 2 scrolls of identify {unknown}
 e - 2 scrolls of vulnerability {unknown}
 f - a scroll of brand weapon {unknown}
 l - a scroll of teleportation {unknown}
 m - a scroll of fear {unknown}
Potions
 h - a potion of ambrosia {unknown}
 i - 2 potions of berserk rage {unknown}
 j - a potion of cancellation {unknown}
 k - a potion of degeneration {unknown}
 n - a potion of might {unknown}
 o - a potion of brilliance {unknown}


   Skills:
 - Level 3.0 Fighting
 - Level 4.4 Axes
 - Level 1.7 Armour
 - Level 1.7 Dodging
 * Level 0.3 Unarmed Combat


You had 3 spell levels left.
You didn't know any spells.
Your spell library contained the following spells:

 Spells                   Type           Power      Damage    Failure   Level
 Freeze                   Ice            0%         1d3       77%         1
 Ensorcelled Hibernation  Hex/Ice        0%         N/A       88%         2
 Passwall                 Tmut/Erth      0%         N/A       88%         2
 Static Discharge         Conj/Air       0%         2-2/arc   88%         2
 Frozen Ramparts          Ice            0%         1d1       98%         3
 Hailstorm                Conj/Ice       0%         3d3       98%         3
 Ozocubu's Armour         Ice            0%         N/A       98%         3
 Swiftness                Air            0%         N/A       98%         3
 Vhi's Electric Charge    Tloc/Air       0%         N/A       98%         3
 Arcjolt                  Conj/Air       0%         1d10      100%        5
 Lightning Bolt           Conj/Air       0%         1d11      100%        5
 Ozocubu's Refrigeration  Ice            0%         4d7       100%        7


Dungeon Overview and Level Annotations

Branches:
Dungeon (3/15)

Altars:

Annotations:
D:3 Natasha


Innate Abilities, Weirdness & Mutations

You have sharp fingernails.
A meltable shield of frost defends you. (SH +4)


Message History

Natasha zaps a wand.
The roots erupt in riotous growth!
The grasping roots grab you!
Natasha is unaffected.
The grasping roots constrict you. Natasha claws you but does no damage.
The grasping roots constrict you.
You take 3 damage, and have 24/35 hp.
You hit Natasha.
Natasha is heavily wounded.
Natasha casts a spell at you.
You feel as though you will be slow longer.
The grasping roots constrict you.
The grasping roots release their grip on you.
You take 3 damage, and have 21/35 hp.
You hit Natasha but do no damage.
Natasha is heavily wounded.
Natasha claws you. You block Natasha's attack.
You take 3 damage, and have 18/35 hp.
You hit Natasha.
Natasha is severely wounded.
Natasha zaps a wand.
The roots erupt in riotous growth!
The grasping roots grab you!
Natasha is unaffected.
The grasping roots constrict you!
Natasha howls an incantation.
Natasha glows brightly for a moment.
You block Natasha's attack. The grasping roots constrict you!
* * * LOW HITPOINT WARNING * * *
You take 14 damage, and have 4/35 hp.
MASSIVE DAMAGE!!
You barely miss Natasha.
Natasha is severely wounded.
Natasha casts a spell at you. The magic dart hits you.
* * * LOW HITPOINT WARNING * * *
The grasping roots constrict you.
You take 2 damage, and have 2/35 hp.
You miss Natasha.
Natasha is severely wounded.
Natasha claws you.
* * * LOW HITPOINT WARNING * * *
The grasping roots constrict you. Natasha claws you but does no damage.
The grasping roots constrict you.
You die...

....#.####...........#
#.####
....#.##......#......##
#....#
.........#..#.........
###...
..<.#.####..###.......
#...
....#.................
#†..
#...#######.....#..
#... ###.# #####.#.#
#... #.# #†#.###..#
.####... #.# #h@.......
........ #.#
#....#.#..... ........
#.# .....#.#.# ..#
........ #.# .....#....
..# .####... #.# ####
###.#.#..#. #... ##.##
.........# #... #...#
##.......# #... #.#.#
###.......####... #...#
######.........#......


You could see Natasha.

Vanquished Creatures
  2 adders (D:2)
  2 dart slugs (D:2)
  An orc (D:3)
  9 bats
  2 endoplasms (D:2)
  2 giant cockroaches
  3 goblins
  5 hobgoblins
  8 kobolds
  3 quokkas
  2 ball pythons
  5 frilled lizards
  3 rats
47 creatures vanquished.

Notes
Turn   | Place    | Note
-------+----------+-------------------------------------------
     0 | D:1      | Dirtsage the Demonspawn Berserker began the quest for the
                  | Orb.
     0 | D:1      | Reached XP level 1. HP: 18/18 MP: 1/1
   241 | D:1      | Reached skill level 3 in Axes
   401 | D:1      | Gained mutation: A meltable shield of frost defends you.
                  | (SH +4) [demonic ancestry]
   401 | D:1      | Reached XP level 2. HP: 24/24 MP: 2/2
  1047 | D:2      | Found a faded altar of an unknown god.
  1131 | D:2      | Reached XP level 3. HP: 26/29 MP: 3/3
  1191 | D:2      | Reached skill level 4 in Axes
  1271 | D:2      | Reached ** piety under Trog
  1836 | D:3      | Gained mutation: You have sharp fingernails. [demonic
                  | ancestry]
  1836 | D:3      | Reached XP level 4. HP: 35/35 MP: 4/4
  1939 | D:3      | Noticed Natasha
  1949 | D:3      | HP: 1/35 [Natasha (2)]
  1949 | D:3      | Constricted to death by Natasha

Illustrated notes

Levels and vault maps discovered:
D:1:      lightli_arrival_lavapool, layout_loops_corners
D:2:      layout_rooms, basic_ecumenical_altar
D:3:      layout_loops_cross, uniq_natasha

Skill      XL: |  1  2  3 |
---------------+----------+-----
Axes           | 3 4 |  4.4
Fighting       | |  3.0
Armour         | |  1.7
Dodging        | |  1.7
Unarmed Combat | |  0.3

Action                     |  1- 3 |  4- 6 || total
---------------------------+-------+-------++-------
  Melee: Hand axe          |   179 |    20 ||   199
         Punch             |     2 |       ||     2
 Armour: Animal skin       |    12 |       ||    12
         Scale mail        |    50 |     6 ||    56
  Dodge: Dodged            |   100 |     5 ||   105
  Block: Other             |    29 |     5 ||    34

Table legend: (Time is in decaauts)
 A = Elapsed time spent in this place.
 B = Non-inter-level travel time spent in this place.
 C = Inter-level travel time spent in this place.
 D = Time resting spent in this place.
 E = Time spent auto-exploring this place.
 F = Levels seen in this place.
 G = Mean time per level.
                   A        B        C        D        E       F      G
               +--------+--------+--------+--------+--------+-----+--------+
         Total |   1975 |   1937 |     38 |      0 |   1548 |   3 |  658.3 |
       Dungeon |   1975 |   1937 |     38 |      0 |   1548 |   3 |  658.3 |
               +--------+--------+--------+--------+--------+-----+--------+

Top non-repeatable levels by time:
     D:1: 1057 daAuts
     D:2: 587 daAuts
     D:3: 330 daAuts
